 Dungeon Crawl Stone Soup version 0.21.1-1-g345015f (webtiles) character file.

259 suicidejoker the Sneak (level 6, -2/38 HPs)
             Began as an Octopode Transmuter on Mar 31, 2018.
             Hit by a stone thrown by an orc warrior (15 damage)
             ... on level 4 of the Dungeon.
             The game lasted 00:06:34 (2668 turns).

suicidejoker the Sneak (Octopode Transmuter)        Turns: 2668, Time: 00:06:35

Health: -2/38      AC:  3    Str: 10    XL:     6   Next: 17%
Magic:  9/9        EV: 13    Int: 15    God:
Gold:   148        SH:  3    Dex: 14    Spells: 8/9 levels left

rFire    + . .     SeeInvis .   p - +0 blowgun
rCold    . . .     Gourm    .   u - +0 buckler
rNeg     . . .     Faith    .   (helmet restricted)
rPois    .         Spirit   .   (no amulet)
rElec    .         Reflect  .   f - +2 ring of protection
rCorr    .         Harm     .   (no ring)
MR       +....                  (no ring)
Stlth    ++++......             (no ring)
HPRegen  0.12/turn              (no ring)
MPRegen  0.11/turn              (no ring)
                                (no ring)
                                (no ring)

@: no status effects
A: almost no armour, stealthy swim, amphibious, 8 rings, constrict 8, fangs 1,
tentacle spike 1, camouflage 1, fire resistance 1, magic resistance 1,
gelatinous body 1, no potion heal 1
a: no special abilities


You were on level 4 of the Dungeon.
You were hungry.

You visited 1 branch of the dungeon, and saw 4 of its levels.

You collected 148 gold pieces.

Inventory:

Hand Weapons
 d - a +0 hunting sling
 p - a +0 blowgun (weapon)
 q - a +1 flail of holy wrath
 r - a +2 short sword of draining
Missiles
 a - 44 arrows
 j - 76 stones
 s - 4 curare-tipped needles (quivered)
 t - 19 sling bullets
Armour
 u - a +0 buckler (worn)
Jewellery
 f - a +2 ring of protection (left tentacle)
Wands
 e - a wand of digging (15)
Scrolls
 g - 8 scrolls of remove curse
 h - 2 scrolls of identify
 l - a scroll of immolation
Books
 b - a book of Changes

   Spells                             Type                      Level
   a - Beastly Appendage              Transmutation                1
   b - Sticks to Snakes               Transmutation                2
   c - Spider Form                    Transmutation/Poison         3
   d - Ice Form                       Ice/Transmutation            4
   e - Blade Hands                    Transmutation                5
Comestibles
 c - 8 rations


   Skills:
 - Level 1.0 Fighting
 + Level 3.2 Dodging
 * Level 5.2 Stealth
 * Level 4.8 Unarmed Combat
 - Level 2.0 Spellcasting
 - Level 2.0 Transmutations


You had 8 spell levels left.
You knew the following spells:

 Your Spells              Type           Power        Failure   Level  Hunger
a - Beastly Appendage     Tmut           #.....       16%         1    #......


Dungeon Overview and Level Annotations

Branches:
Dungeon (4/15)
 Temple: D:4-7

Altars:
Fedhas


Innate Abilities, Weirdness & Mutations

You cannot wear most types of armour.
You are very stealthy in the water. (Stealth+)
You are amphibious.
You can wear up to eight rings at the same time.
You can use your tentacles to constrict eight enemies at once.
Your skin changes colour to match your surroundings (Stealth+).
Your rubbery body absorbs attacks. (AC +1, EV +1)
You have very sharp teeth.
One of your tentacles bears a spike.
Your flesh is heat resistant. (rF+)
You are resistant to hostile enchantments. (MR+)
Potions are less effective at restoring your health.


Message History

The orc warrior is poisoned.
The orc warrior convulses.
The orc warrior seems to slow down.
The orc warrior is moderately wounded.
Firing (i - inventory. (,) - cycle):
s - 6 curare-tipped needles (quivered)
Press: ? - help, Shift-Dir - straight line, f/p - orc warrior
Aim: an orc warrior, wielding a short sword and wearing a plate armour (moderately wounded, slow, poisoned)
You shoot a curare-tipped needle.
The curare-tipped needle hits the orc warrior.
The orc warrior looks as sick as possible!
The orc warrior convulses.
The orc warrior seems to be slow for longer.
The orc warrior is heavily wounded.
The orc warrior throws a stone.
The stone misses you.
Firing (i - inventory. (,) - cycle):
s - 5 curare-tipped needles (quivered)
Press: ? - help, Shift-Dir - straight line, f/p - orc warrior
Aim: an orc warrior, wielding a short sword and wearing a plate armour (heavily wounded, slow, poisoned)
You shoot a curare-tipped needle.
The curare-tipped needle completely misses the orc warrior.
The orc warrior throws a stone.
The stone hits you!
You die...

#..# # ##).#
..#.#########...#
...........o....#
........###.#...#
##########)######
##.## ##.## #@##
###


You could see an orc warrior.

Vanquished Creatures
  Duvessa (D:4)
  Dowan (D:4)
  A worker ant (D:4)
  An adder (D:3)
  2 oozes
  A worm (D:3)
  A dart slug (D:1)
  A leopard gecko (D:1)
  5 orcs
  2 giant cockroaches (D:1)
  7 goblins
  5 hobgoblins
  A jackal (D:3)
  2 ball pythons
  7 bats
  3 frilled lizards
  5 kobolds
  11 rats
57 creatures vanquished.

Notes
Turn   | Place    | Note
-------+----------+-------------------------------------------
     0 | D:1      | suicidejoker the Octopode Transmuter began the quest for the Orb.
     0 | D:1      | Reached XP level 1. HP: 13/13 MP: 3/3
   234 | D:1      | Reached skill level 1 in Stealth
   244 | D:1      | Reached XP level 2. HP: 10/18 MP: 5/5
   565 | D:1      | Reached skill level 2 in Stealth
   723 | D:1      | Reached XP level 3. HP: 23/23 MP: 6/6
  1100 | D:2      | Found a blossoming altar of Fedhas.
  1704 | D:3      | Reached skill level 3 in Stealth
  1851 | D:3      | Reached XP level 4. HP: 24/28 MP: 7/7
  2324 | D:4      | Noticed Duvessa
  2329 | D:4      | Noticed Dowan
  2334 | D:4      | Gained mutation: You are resistant to hostile enchantments. (MR+) [potion of mutation]
  2334 | D:4      | Gained mutation: You have very sharp teeth. [potion of mutation]
  2334 | D:4      | Gained mutation: You are frail. (-10% HP) [potion of mutation]
  2334 | D:4      | Gained mutation: You evolve. [potion of mutation]
  2345 | D:4      | Lost mutation: You evolve. [potion of mutation]
  2345 | D:4      | Lost mutation: You are frail. (-10% HP) [potion of mutation]
  2345 | D:4      | Gained mutation: Your flesh is heat resistant. (rF+) [potion of mutation]
  2345 | D:4      | Gained mutation: Potions are less effective at restoring your health. [potion of mutation]
  2345 | D:4      | Gained mutation: One of your tentacles bears a spike. [potion of mutation]
  2354 | D:4      | Killed Duvessa
  2354 | D:4      | Reached skill level 4 in Stealth
  2354 | D:4      | Reached XP level 5. HP: 7/33 MP: 8/8
  2361 | D:4      | HP: 1/33 [Dowan/dagger (3)]
  2362 | D:4      | Killed Dowan
  2362 | D:4      | Reached skill level 5 in Stealth
  2362 | D:4      | Reached XP level 6. HP: 1/38 MP: 9/9
  2578 | D:4      | Noticed an orc warrior
  2668 | D:4      | Hit by a stone thrown by an orc warrior

Skill      XL: |  1  2  3  4  5 |
---------------+----------------+-----
Stealth        | 1 2 3 4 5 |  5.2
Unarmed Combat | 4 |  4.8
Dodging        | 3 |  3.2
Fighting       | |  1.0
Spellcasting   | |  2.0
Transmutations | |  2.0

Action                   |  1- 3 |  4- 6 || total
-------------------------+-------+-------++-------
Melee: Unarmed           |   104 |    28 ||   132
       Constrict         |    25 |     9 ||    34
       Tentacles         |    15 |    12 ||    27
       Punch             |     2 |       ||     2
       Flail             |       |     7 ||     7
       Kick              |       |     5 ||     5
       Bite              |       |     2 ||     2
       Short sword       |       |     7 ||     7
 Fire: Blowgun           |       |     4 ||     4
  Use: Potion            |       |     8 ||     8
       Scroll            |       |     2 ||     2
 Stab: Sleeping          |     6 |     4 ||    10
  Eat: Chunk             |     3 |     2 ||     5
Armor: Skin              |    12 |    10 ||    22
Dodge: Dodged            |    70 |    47 ||   117
Block: Buckler           |       |     5 ||     5
